cohdb
Replays
Latest Replays
All Replays
Popular Replays
Top Player Replays
Match Explorer
How It Works
Community
CoH3 Stats
Reddit
Sign in to upload your games and track your stats! →
Sign in with Steam
Match 43729358
Unlisted
Match 43729358
Overview
Messages
Build Orders
End
Construct Section Command Post
Vickers Machine Gun Team
Dingo Light Scout Car
Infantry Section
Infantry Section
Construct Platoon Command Post
Construct Field Infirmary
Humber Armored Car
Royal Engineer Section
6-pounder Anti-tank Gun Team
Grenade Package
Infantry Section
Royal Engineer Section
Selects Heavy Armor Battlegroup
Selects Light Vehicle Withdraw and Refit
Selects UNKNOWN (202330)
Selects Designate Targets
Infantry Training
Construct Company Command Post
Crusader AA Medium Tank
Designate Targets
Designate Targets
6-pounder Anti-tank Gun Team
Crusader AA Medium Tank
Selects Rigorous Vehicle Training
Selects Forward Repair Assembly
Armored Vehicle Training
Designate Targets
Designate Targets
Crusader AA Medium Tank
Selects Churchill Black Prince Heavy Tank
Royal Engineer Section
Vickers Machine Gun Team
Mike
ArmouredTopHat
Symbiosis
CAuMOH
0
0
Comments
sign in to comment!
No comments posted yet!